 Dungeon Crawl Stone Soup version 0.27.0-1-g7a089689b8 (console) character file.

Game seed: 14136868908855509225

74 jejorda2 the Sneak (level 4, -9/39 HPs)
             Began as a Deep Dwarf Air Elementalist on Aug 1, 2021.
             Mangled by Crazy Yiuf (14 damage)
             ... on level 2 of the Dungeon.
             The game lasted 00:07:52 (2528 turns).

jejorda2 the Sneak (Deep Dwarf Air Elementalist)    Turns: 2528, Time: 00:07:52

Health: -9/39      AC:  4    Str: 12    XL:     4   Next: 10%
Magic:  3/6        EV: 12    Int: 16    God:
Gold:   180        SH:  0    Dex: 13    Spells: 5/6 levels left

rFire    . . .     SeeInvis .   a - +0 whip
rCold    . . .     Faith    .   (no shield)
rNeg     . . .     Spirit   .   k - +0 robe
rPois    .         Reflect  .   i - +2 hat
rElec    .         Harm     .   (no cloak)
rCorr    .         Rampage  .   (no gloves)
Will     .....                  (no boots)
Stlth    ++........             (no amulet)
HPRegen  0.00/turn              (no ring)
MPRegen  0.10/turn              (no ring)

@: no status effects
A: damage resistance, heal wounds, sense surroundings 1, no regeneration
a: Heal Wounds


You were on level 2 of the Dungeon.
You visited 1 branch of the dungeon, and saw 2 of its levels.

You collected 180 gold pieces.

Inventory:

Hand Weapons
 a - a +0 whip (weapon)
Missiles
 h - 78 stones (quivered)
 n - 16 poisoned darts
Armour
 i - a +2 hat (worn)
 k - a +0 robe (worn)
Scrolls
 b - a scroll of identify {unknown}
 c - a scroll of noise {unknown}
 d - 2 scrolls of fog {unknown}
 f - a scroll of vulnerability {unknown}
 m - a scroll of torment {unknown}
Potions
 e - a potion of berserk rage {unknown}
 g - a potion of heal wounds {unknown}
 j - 2 potions of curing {unknown}
 l - a potion of attraction {unknown}


   Skills:
 + Level 1.7 Fighting
 + Level 2.2 Axes
 + Level 2.1 Armour
 - Level 2.1 Dodging
 - Level 2.4 Stealth
 - Level 1.7 Spellcasting
 - Level 0.8 Conjurations
 - Level 2.1 Air Magic


You had 5 spell levels left.
You knew the following spells:

 Your Spells              Type           Power      Damage    Failure   Level
a - Shock                 Conj/Air       24%        1d4       12%         1

Your spell library contained the following spells:

 Spells                   Type           Power      Damage    Failure   Level
 Static Discharge         Conj/Air       6%         N/A       17%         2
 Swiftness                Air            8%         N/A       26%         3
 Airstrike                Air            4%         N/A       65%         4


Dungeon Overview and Level Annotations

Branches:
Dungeon (2/15)

Altars:
Sif Muna

Shops:
D:2 =

Annotations:
D:2 Crazy Yiuf


Innate Abilities, Weirdness & Mutations

You are resistant to damage.
You can heal yourself by infusing magical energy.
You passively map a small area around you.
You do not regenerate.


Message History

Okay, then.
Crazy Yiuf flaps his cloak.
There is a large open door here.
There is a large open door here.
Casting: Shock (safe; 12% risk of failure)
Confirm with . or Enter, or press ? or * to list all spells.
Aiming: Shock (safe; 12% risk of failure)
Press: ? - help, Shift-Dir - straight line, f - Crazy Yiuf
Aim: Crazy Yiuf, wielding a +4 quarterstaff of chaos and wearing a +0 cloak (69% to hit)
The zap hits Crazy Yiuf.
Crazy Yiuf is moderately wounded.
Crazy Yiuf cries, "Powder!
East water hog."
Casting: Shock (safe; 12% risk of failure)
Confirm with . or Enter, or press ? or * to list all spells.
Aiming: Shock (safe; 12% risk of failure)
Press: ? - help, Shift-Dir - straight line, f/p - Crazy Yiuf
Aim: Crazy Yiuf, wielding a +4 quarterstaff of chaos and wearing a +0 cloak (moderately wounded, 69% to hit)
The zap hits Crazy Yiuf.
Crazy Yiuf is moderately wounded.
Crazy Yiuf barely misses you.
Casting: Shock (safe; 12% risk of failure)
Confirm with . or Enter, or press ? or * to list all spells.
Aiming: Shock (safe; 12% risk of failure)
Press: ? - help, Shift-Dir - straight line, p - Crazy Yiuf The zap misses Crazy Yiuf.
The zap hits Crazy Yiuf.
Crazy Yiuf is heavily wounded.
Crazy Yiuf hits you with a +4 quarterstaff of chaos!
* * * LOW HITPOINT WARNING * * *
Crazy Yiuf burns you.
* * * LOW HITPOINT WARNING * * *
Casting: Shock (safe; 12% risk of failure)
Confirm with . or Enter, or press ? or * to list all spells.
Aiming: Shock (safe; 12% risk of failure)
Press: ? - help, Shift-Dir - straight line
Okay, then.
Unknown command.
Unknown command.
You fail to use your ability.
Crazy Yiuf hits you with a +4 quarterstaff of chaos!
You die...

.#...........# ♣....♣
.###..###.#### #....#
..##..###....####....##
......†...............#
....†.................#
....#+###.............#
.......,#.#+#.#'#######
........+...#+#g####
##......#.#.....@..#
##.................#
##+#........>.....#
..............# ....
.##........# .....
#........# ...... ,
#...†....# ......
.........## ......
.#######.#


You could see Crazy Yiuf.

Vanquished Creatures
  2 adders
  A dart slug (D:2)
  9 ball pythons
  6 endoplasms
  2 giant cockroaches
  6 goblins
  7 hobgoblins
  4 quokkas
  A bat (D:1)
  3 frilled lizards
  3 kobolds
  3 rats (D:1)
47 creatures vanquished.

Vanquished Creatures (others)
  2 plants (D:1)
2 creatures vanquished.

Grand Total: 49 creatures vanquished

Notes
Turn   | Place    | Note
-------+----------+-------------------------------------------
     0 | D:1      | jejorda2 the Deep Dwarf Air Elementalist began the quest
                  | for the Orb.
     0 | D:1      | Reached XP level 1. HP: 15/15 MP: 3/3
   291 | D:1      | Reached XP level 2. HP: 19/24 MP: 4/4
   306 | D:1      | Reached skill level 1 in Axes
   306 | D:1      | Reached skill level 1 in Armour
   496 | D:1      | Reached skill level 1 in Fighting
  1203 | D:1      | Reached XP level 3. HP: 17/31 MP: 0/5
  1901 | D:2      | Found a faded altar of an unknown god.
  2005 | D:2      | Found a shimmering blue altar of Sif Muna.
  2207 | D:2      | Reached XP level 4. HP: 15/39 MP: 3/6
  2429 | D:2      | Found Amycol's Jewellery Shoppe.
  2506 | D:2      | Found a runed translucent door.
  2507 | D:2      | Noticed Crazy Yiuf
  2528 | D:2      | Mangled by Crazy Yiuf

Illustrated notes

Levels and vault maps discovered:
D:1:      lemuel_arrival_lava_pool, layout_loops_ring, serial_forest,
          infiniplex_forest_lined_corner, infiniplex_forest_diagonal,
          infiniplex_forest_end_2, infiniplex_forest_lined_2, minivault_27,
          serial_park_tiny_1, minivault_25, serial_bayou_ford_a,
          minmay_heptomino_h4
D:2:      layout_basic, hellmonk_ecumenical_altar_blasted, serial_shops,
          nicolae_square_shop, basic_altar, uniq_crazy_yiuf_cottage

Skill      XL: |  1  2  3 |
---------------+----------+-----
Axes           | 1 2 |  2.2
Armour         | 1 2 |  2.1
Fighting       | 1 |  1.7
Dodging        | |  2.1
Stealth        | |  2.4
Spellcasting   | |  1.7
Conjurations   | |  0.8
Air Magic      | |  2.1

Action                   |  1- 3 |  4- 6 || total
-------------------------+-------+-------++-------
Melee: Unarmed           |     8 |       ||     8
       Dagger            |    22 |       ||    22
       Whip              |    15 |     2 ||    17
Throw: Stone             |     3 |       ||     3
 Cast: Shock             |    77 |    14 ||    91
 Stab: Sleeping          |     7 |       ||     7
Armor: Robe              |    12 |     1 ||    13
Dodge: Dodged            |    28 |     2 ||    30
